 Dungeon Crawl Stone Soup version 0.30-a0-283-gf371ce1921 (webtiles) character file.

Game seed: 11333307241664873138

20135 Bnni the Grappler (level 12, -5/112 HPs)
             Began as a Naga Transmuter on Oct 16, 2022.
             Was a High Priest of Cheibriados.
             Slain by a two-headed ogre
             ... wielding a +0 giant spiked club
              (13 damage)
             ... on level 12 of the Dungeon on Oct 17, 2022.
             The game lasted 00:27:32 (10094 turns).

Bnni the Grappler (Naga Transmuter)                Turns: 10094, Time: 00:27:33

Health: -5/112     AC:  9    Str: 28    XL:     12   Next: 76%
Magic:  15/24      EV: 10    Int: 26    God:    Cheibriados [*****.]
Gold:   464        SH:  0    Dex: 25    Spells: 3/27 levels left

rFire   + . .      SeeInvis +      - Unarmed
rCold   . . .      Faith    .    (shield currently unavailable)
rNeg    . . .      Spirit   .    c - +1 robe "Ajiwn" {Slay+2}
rPois   +          Reflect  .    n - +1 helmet
rElec   .          Harm     .    B - +0 cloak
rCorr   .          Rampage  .    (gloves currently unavailable)
Will    +....                    (no barding)
Stlth   ++........               i - amulet of regeneration
HPRegen 1.18/turn                v - +4 ring of slaying
MPRegen 0.19/turn                x - ring of protection from fire

@: blade hands, slowed, very slow
A: AC +4, large, see invisible, deformed body, poison resistance, slowness 2,
spit poison 1, naga tail 1
a: Spit Poison, End Transformation, Renounce Religion, Bend Time, Temporal
Distortion, Slouch, Step From Time


You were on level 12 of the Dungeon.
You worshipped Cheibriados.
Cheibriados was extremely pleased with you.
You had blades for hands.
You visited 2 branches of the dungeon, and saw 13 of its levels.
You also visited: Sewer.

You collected 674 gold pieces.
You spent 210 gold pieces at shops.

Inventory:

Missiles
 j - a throwing net
Armour
 c - the +1 robe "Ajiwn" (worn) {Slay+2}
   (You bought it in a shop on level 11 of the Dungeon)

   Slay:      It affects your accuracy & damage with ranged weapons and melee
   (+2).
 n - a +1 helmet (worn)
 r - a +0 pair of gloves (melded)
 B - a +0 cloak (worn)
Jewellery
 i - an amulet of regeneration (around neck)
 v - a +4 ring of slaying (left blade hand)
 w - a ring of ice
 x - a ring of protection from fire (right blade hand)
Wands
 h - a wand of roots (19)
 k - a wand of flame (22)
Scrolls
 d - a scroll of fog
 e - 2 scrolls of enchant weapon
 l - a scroll of poison
 m - 2 scrolls of enchant armour
 t - 6 scrolls of teleportation
 u - a scroll of summoning
 A - 2 scrolls of blinking
 C - a scroll of amnesia
Potions
 a - a potion of berserk rage
 b - 4 potions of lignification
 f - 2 potions of mutation
 g - 2 potions of curing
 o - 4 potions of flight
 p - a potion of ambrosia
 q - 4 potions of resistance
 s - a potion of invisibility
 z - 2 potions of magic
 E - a potion of attraction {unknown}


   Skills:
 + Level 8.6 Fighting
 - Level 1.5 Dodging
 * Level 12.5 Unarmed Combat
 - Level 8.0 Spellcasting
 + Level 3.1 Hexes
 - Level 10.0 Transmutations
 - Level 2.0 Ice Magic
 * Level 6.5 Invocations


You had 3 spell levels left.
You knew the following spells:

 Your Spells              Type           Power      Damage    Failure   Level
a - Yara's Violent Unrav  Hex/Tmut       22%        3d10      47%         5
b - Wereblood             Tmut           58%        N/A       8%          2
c - Spider Form           Tmut/Pois      36%        N/A       22%         3
d - Ice Form              Ice/Tmut       41%        N/A       32%         4
e - Passwall              Tmut/Erth      30%        N/A       16%         2
f - Blade Hands           Tmut           29%        N/A       24%         5
g - Tukima's Dance        Hex            26%        N/A       32%         3

Your spell library contained the following spells:

 Spells                   Type           Power      Damage    Failure   Level
 Beastly Appendage        Tmut           100%       N/A       7%          1
 Ensorcelled Hibernation  Hex/Ice        46%        N/A       26%         2
 Magic Dart               Conj           40%        1d5       34%         1
 Summon Small Mammal      Summ           40%        N/A       34%         1
 Searing Ray              Conj           20%        2d5       43%         2
 Summon Guardian Golem    Hex/Summ       18%        N/A       43%         3
 Call Canine Familiar     Summ           10%        N/A       58%         3
 Swiftness                Air            10%        N/A       58%         3
 Anguish                  Hex/Necr       9%         N/A       73%         4
 Fulminant Prism          Conj/Hex       9%         3d7       73%         4
 Animate Armour           Summ/Erth      20%        N/A       87%         4
 Passage of Golubria      Tloc           10%        N/A       87%         4
 Iron Shot                Conj/Erth      5%         9d2       100%        6


Dungeon Overview and Level Annotations

Branches:
Dungeon (12/15)            Temple (1/1) D:6            Lair (0/5) D:9
    Orc (0/2) D:9           Sewer (visited)

Altars:
Cheibriados
Elyvilon
Fedhas
Gozag
Hepliaklqana
Kikubaaqudgha
Nemelex Xobeh
Qazlal
Sif Muna
Trog
Vehumet
Yredelemnul
The Shining One

Shops:
D:3 *   D:11 [


Innate Abilities, Weirdness & Mutations

You have blades for hands.
Your spellcasting is less reliable in this form.
You are incapable of wielding weapons or throwing items.
Your serpentine skin is tough. (AC +4)
You have supernaturally acute eyesight. (SInv)
Armour fits poorly on your strangely shaped body.
Your system is resistant to poisons. (rPois)
You cover ground very slowly.
You can spit poison.
You have a snake-like lower body.


Message History

You kill the orc wizard!
Cheibriados thoroughly appreciates the change of pace.
Cheibriados lowers the support of your attributes as your movement quickens.
You hit the wraith.
The wraith is almost destroyed.
The wraith hits you! The wraith drains your vigour!
You feel yourself slow down.
You closely miss the wraith.
The wraith is almost destroyed.
The wraith hits you. The wraith drains your vigour!
You feel as though you will be slow longer.
Casting: Blade Hands (dangerous; 2% risk of failure)
Confirm with . or Enter, or press ? or * to list all spells.
Your hands turn into razor-sharp scythe blades.
Your +0 pair of gloves melds into your body.
The wraith hits you but does no damage.
You slice the wraith!!
You destroy the wraith!
Cheibriados thoroughly appreciates the change of pace.
You shred the wraith!!!
You destroy the wraith!
Cheibriados thoroughly appreciates the change of pace.
The two-headed ogre barely misses you.
The two-headed ogre hits you with a +0 giant spiked club!!
You barely miss the acid dragon.
The acid dragon is almost dead.
The two-headed ogre hits you with a +0 giant spiked club!!
The two-headed ogre hits you with a +0 giant spiked club!
The acid dragon bites you but does no damage.
The acid dragon claws you but does no damage.
You are too injured to fight recklessly!
You shred the acid dragon!!!
You kill the acid dragon!
Cheibriados appreciates the change of pace.
The two-headed ogre hits you with a +0 giant spiked club!! x2
* * * LOW HITPOINT WARNING * * *
You slash the two-headed ogre!
The two-headed ogre is heavily wounded.
The two-headed ogre hits you with a +0 giant spiked club!
You die...

....#..'.(......#
....#.##........#
.<..'.##........+
....####........#
##### #........#
#........#
##'########
#......).#
########@#
......O..#
.......).#
.........'
....)....#.
..)..)...#.#
.....)...# '
.........# #.


You could see a two-headed ogre.

Vanquished Creatures
  9 two-headed ogres
  2 boulder beetles (D:11)
  Pikel (D:6)
  A deep elf zephyrmancer (D:6)
  2 cyclopes
  A manticore (D:11)
  Maurice (D:9)
  A gargoyle (D:11)
  An unseen horror (D:9)
  A kobold demonologist (D:11)
  A komodo dragon (D:9)
  2 hornets
  Grinder (D:3)
  A shadow (D:9)
  14 yaks
  A wyvern (D:9)
  3 wraiths (D:12)
  5 vampire mosquitoes (D:11)
  Menkaure (D:7)
  Duvessa (D:7)
  5 water moccasins (D:9)
  3 acid dragons
  7 orc warriors
  3 sky beasts
  2 ogres
  3 black bears
  2 ice beasts (D:7)
  8 centaurs
  A lemure (D:6)
  2 kobold brigands
  2 bullfrogs
  2 necrophages
  2 gnoll sergeants
  3 scorpions
  12 wights
  Dowan (D:7)
  13 killer bees
  11 orc priests
  4 jellies
  A gnoll bouda (D:8)
  3 hounds (D:5)
  8 orc wizards
  2 iguanas
  A scorpion zombie (D:4)
  A hound zombie (D:4)
  10 gnolls
  10 adders
  2 river rats
  A shadow imp (D:6)
  A white imp (D:5)
  A worm (D:2)
  A dart slug (D:3)
  47 orcs
  3 bats
  10 endoplasms
  7 giant cockroaches
  3 goblins
  6 hobgoblins
  6 jackals
  3 quokkas
  11 ball pythons
  4 frilled lizards
  11 kobolds
  7 rats
296 creatures vanquished.

Vanquished Creatures (others)
  32 fungi (D:9)
  56 plants
88 creatures vanquished.

Grand Total: 384 creatures vanquished

Notes
Turn   | Place    | Note
-------+----------+-------------------------------------------
     0 | D:1      | Bnni the Naga Transmuter began the quest for the Orb.
     0 | D:1      | Reached XP level 1. HP: 18/18 MP: 3/3
   211 | D:1      | Reached XP level 2. HP: 25/25 MP: 5/5
   283 | D:1      | Learned a level 2 spell: Wereblood
  1053 | D:2      | Reached XP level 3. HP: 25/31 MP: 6/6
  1108 | D:2      | Found a white marble altar of Elyvilon.
  1483 | D:3      | Reached XP level 4. HP: 38/38 MP: 7/7
  1579 | D:3      | Found a glowing drain.
  1589 | Sewer    | Entered a sewer
  1671 | Sewer    | Noticed a kobold brigand
  1693 | Sewer    | Reached skill level 4 in Unarmed Combat
  1701 | Sewer    | Killed a kobold brigand
  1702 | Sewer    | Reached XP level 5. HP: 30/45 MP: 6/9
  1745 | Sewer    | Found a white marble altar of Elyvilon.
  1793 | Sewer    | Learned a level 3 spell: Spider Form
  1796 | Sewer    | Learned a level 2 spell: Passwall
  2010 | D:3      | Noticed Grinder
  2016 | D:3      | Paralysed by Grinder for 4 turns
  2028 | D:3      | Killed Grinder
  2029 | D:3      | Reached XP level 6. HP: 35/55 MP: 6/10
  2089 | D:3      | Found Tekkiewn's General Store.
  2287 | D:3      | Reached skill level 5 in Unarmed Combat
  2287 | D:3      | Reached XP level 7. HP: 22/61 MP: 11/11
  2997 | D:4      | Reached skill level 5 in Transmutations
  3062 | D:4      | Found a shimmering blue altar of Sif Muna.
  3369 | D:4      | Found a basalt altar of Yredelemnul.
  3488 | D:5      | Entered Level 5 of the Dungeon
  3527 | D:5      | Reached XP level 8. HP: 53/69 MP: 8/13
  3663 | D:5      | Reached skill level 6 in Unarmed Combat
  4015 | D:6      | Noticed Pikel
  4026 | D:6      | Killed Pikel
  4092 | D:6      | Reached skill level 7 in Unarmed Combat
  4148 | D:6      | Reached XP level 9. HP: 79/79 MP: 10/15
  4811 | D:6      | Noticed a deep elf zephyrmancer
  4820 | D:6      | Killed a deep elf zephyrmancer
  4912 | D:6      | Found a staircase to the Ecumenical Temple.
  4922 | Temple   | Entered the Ecumenical Temple
  4936 | Temple   | Became a worshipper of Cheibriados the Contemplative
  5069 | D:7      | Noticed Duvessa
  5071 | D:7      | Noticed Dowan
  5079 | D:7      | Killed Duvessa
  5080 | D:7      | Reached skill level 5 in Fighting
  5080 | D:7      | Reached skill level 5 in Spellcasting
  5082 | D:7      | Killed Dowan
  5140 | D:7      | Learned a level 4 spell: Ice Form
  5184 | D:7      | Reached skill level 8 in Unarmed Combat
  5223 | D:7      | Noticed a hornet
  5229 | D:7      | Killed a hornet
  5389 | D:7      | Learned a level 5 spell: Yara's Violent Unravelling
  5391 | D:7      | Noticed a two-headed ogre
  5401 | D:7      | Killed a two-headed ogre
  5402 | D:7      | Reached XP level 10. HP: 50/90 MP: 14/18
  5658 | D:7      | Noticed Menkaure
  5660 | D:7      | Killed Menkaure
  5905 | D:8      | Reached skill level 9 in Unarmed Combat
  5905 | D:8      | Reached * piety under Cheibriados
  6304 | D:8      | Found an ancient bone altar of Kikubaaqudgha.
  6379 | D:8      | Reached ** piety under Cheibriados
  6851 | D:9      | Found a staircase to the Orcish Mines.
  6890 | D:9      | Noticed Maurice
  6891 | D:9      | Reached skill level 1 in Invocations
  6895 | D:9      | Reached skill level 1 in Hexes
  6905 | D:9      | Killed Maurice
  6947 | D:9      | Noticed a two-headed ogre
  6959 | D:9      | Killed a two-headed ogre
  6960 | D:9      | Reached XP level 11. HP: 11/99 MP: 11/20
  6985 | D:9      | Reached skill level 10 in Unarmed Combat
  7084 | D:9      | Found a staircase to the Lair.
  7276 | D:9      | Reached *** piety under Cheibriados
  7279 | D:9      | Reached skill level 10 in Transmutations
  7938 | D:10     | Entered Level 10 of the Dungeon
  7948 | D:10     | Reached **** piety under Cheibriados
  7948 | D:10     | Noticed a two-headed ogre
  7959 | D:10     | Killed a two-headed ogre
  7967 | D:10     | Reached skill level 11 in Unarmed Combat
  8610 | D:11     | Found a radiant altar of Vehumet.
  8616 | D:11     | Noticed a two-headed ogre
  8620 | D:11     | Killed a two-headed ogre
  8662 | D:11     | Found Qur Hezxe's Antique Armour Shoppe.
  8667 | D:11     | Bought an ancient robe for 210 gold pieces
  8667 | D:11     | Identified the +1 robe "Ajiwn" {Slay+2} (You bought it in a
                  | shop on level 11 of the Dungeon)
  8757 | D:11     | Reached skill level 1 in Ice Magic
  8797 | D:11     | Reached XP level 12. HP: 110/110 MP: 22/22
  8985 | D:11     | Reached ***** piety under Cheibriados
  9053 | D:11     | Noticed a two-headed ogre
  9059 | D:11     | Killed a two-headed ogre
  9063 | D:11     | Reached skill level 5 in Invocations
  9172 | D:11     | Noticed a two-headed ogre
  9172 | D:11     | Noticed a two-headed ogre
  9177 | D:11     | Killed a two-headed ogre
  9181 | D:11     | Killed a two-headed ogre
  9251 | D:11     | Noticed a boulder beetle
  9256 | D:11     | Killed a boulder beetle
  9306 | D:11     | Noticed a boulder beetle
  9314 | D:11     | Killed a boulder beetle
  9315 | D:11     | Reached skill level 12 in Unarmed Combat
  9318 | D:11     | HP: 4/133 [gargoyle/+0 morningstar (14)]
  9466 | D:11     | Noticed a two-headed ogre
  9469 | D:11     | Killed a two-headed ogre
  9525 | D:11     | Noticed a two-headed ogre
  9530 | D:11     | Killed a two-headed ogre
  9669 | D:11     | Learned a level 5 spell: Blade Hands
 10039 | D:12     | Learned a level 3 spell: Tukima's Dance
 10083 | D:12     | Noticed a two-headed ogre
 10094 | D:12     | Slain by a two-headed ogre

Illustrated notes

Levels and vault maps discovered:
D:1:      dpeg_arrival_concentric_ovals, layout_basic
D:2:      layout_rooms, basic_altar, hangedman_abyss_or_decor_lesser_grid,
          minmay_shallow_snake_nest
D:3:      layout_loops_ring, serial_shops, nicolae_shop_crystal,
          portal_sewer_entry_b, uniq_grinder
D:4:      layout_basic, marbit_many_paths, lemuel_zombie_altar_yredelemnul
D:5:      layout_cave_pools
D:6:      layout_loops_ring, minmay_temple_entry_proselytizer, abandoned_shop,
          guppyfry_early_elven_hall, uniq_pikel
D:7:      layout_rooms, uniq_menkaure, uniq_duvessa
D:8:      layout_cave_pods, nicolae_kikubaaqudgha_miasma_corner
D:9:      layout_basic, due_lair_maze_entry_diamond,
          minmay_orc_entry_temple_small, uniq_maurice
D:10:     layout_rooms
D:11:     cheibrodos_barr_body, layout_basic, serial_shops,
          kennysheep_little_box, hangedman_glass_teeth, vehumet_crystals
D:12:     layout_roguey
Temple:   hellmonk_temple_of_storms

Skill      XL: |  1  2  3  4  5  6  7  8  9 10 11 12 |
---------------+-------------------------------------+-----
Transmutations | 3 4 5 6 8 9 10 | 10.0
Unarmed Combat | 4 5 7 8 9 11 12 | 12.5
Fighting       | 2 3 4 5 6 7 8 |  8.6
Spellcasting   | 3 4 5 6 7 8 |  8.0
Invocations    | 2 4 6 |  6.5
Hexes          | 1 3 |  3.1
Ice Magic      | 1 2 |  2.0
Dodging        | |  1.5

Action                   |  1- 3 |  4- 6 |  7- 9 | 10-12 || total
-------------------------+-------+-------+-------+-------++-------
Melee: Unarmed           |    89 |   171 |   253 |   334 ||   847
       Headbutt          |     2 |     8 |     3 |       ||    13
       Punch             |       |       |    10 |     2 ||    12
 Cast: Beastly Appendage |     1 |     4 |     2 |       ||     7
       Wereblood         |     1 |     4 |     7 |    14 ||    26
       Spider Form       |       |     2 |    11 |     2 ||    15
       Ice Form          |       |       |       |    28 ||    28
       Blade Hands       |       |       |       |     4 ||     4
Invok: Slouch            |       |       |       |     1 ||     1
 Abil: Spit Poison       |    23 |    11 |    21 |    21 ||    76
       End Transformatio |       |       |       |     1 ||     1
  Use: Potion            |       |     3 |     1 |     5 ||     9
       Scroll            |       |       |     4 |    16 ||    20
 Stab: Sleeping          |       |       |       |     1 ||     1
       Invisible         |       |       |       |     1 ||     1
Armor: Robe              |    10 |    35 |    42 |    28 ||   115
       Skin              |       |    11 |     3 |   112 ||   126
Dodge: Dodged            |    48 |    86 |   153 |   255 ||   542

Table legend: (Time is in decaauts)
 A = Elapsed time spent in this place.
 B = Non-inter-level travel time spent in this place.
 C = Inter-level travel time spent in this place.
 D = Time resting spent in this place.
 E = Time spent auto-exploring this place.
 F = Levels seen in this place.
 G = Mean time per level.
                   A        B        C        D        E       F      G
               +--------+--------+--------+--------+--------+-----+--------+
         Total |  14989 |  14556 |    433 |    465 |  11949 |  14 | 1070.6 |
       Dungeon |  14683 |  14260 |    423 |    459 |  11755 |  12 | 1223.6 |
        Temple |     29 |     19 |     10 |      0 |      5 |   1 |   29.0 |
         Sewer |    276 |    276 |      0 |      6 |    189 |   1 |  276.0 |
               +--------+--------+--------+--------+--------+-----+--------+

Top non-repeatable levels by time:
    D:11: 2700 daAuts
     D:9: 1745 daAuts
     D:8: 1695 daAuts
     D:6: 1326 daAuts
     D:1: 1217 daAuts
     D:4: 1187 daAuts
     D:3: 1139 daAuts
    D:10: 1098 daAuts
     D:7: 1019 daAuts
     D:2: 688 daAuts
     D:5: 669 daAuts
   Sewer: 276 daAuts
    D:12: 195 daAuts
  Temple: 29 daAuts
